Rangers vs Avalanche
(R1)
Created - 31 octobre 2012 at 22:07
Simulating a Pre-Season
Goals
|
| Rangers |
1 |
0 |
1 |
2 |
| Avalanche |
4 |
1 |
2 |
7 |
|
Shots
|
| Rangers |
11 |
8 |
11 |
30 |
| Avalanche |
11 |
8 |
12 |
31 |
|
1st period
1. Avalanche , Jason Pominville 1 (Jeremy Roenick) at 11:24 (PP)
2. Avalanche , Ryan Smyth 1 (Jason Pominville) at 11:40
3. Avalanche , Rostislav Olesz 3 (Jeremy Roenick) at 12:47
4. Avalanche , Ryan Smyth 2 (Jason Pominville, Martin Lapointe) at 14:02
5. Rangers , Patrice Bergeron 1 (Jere Lehtinen, Bryan Berard) at 19:07
Penalties :
Johan Franzen (NYR) for Holding Stick (Minor) at 2:43, Curtis Glencross (Col) for Roughing (Minor) at 6:15, Brad Richards (NYR) for Interference (Minor) at 11:10, Jason Pominville (Col) for Hooking (Minor) at 15:18, Milan Lucic (NYR) for Hooking (Minor) at 15:18, Ryan Smyth (Col) for Fighting (Major) at 18:12, Patrick Sharp (NYR) for Fighting (Major) at 18:12
2nd period
6. Avalanche , Curtis Glencross 1 (Éric Perrin, Ron Hainsey) at 2:51
Penalties :
Kimmo Timonen (NYR) for Charging (Minor) at 0:19, Rod Brind'Amour (Col) for Roughing (Minor) at 3:26, Cory Murphy (NYR) for Hooking (Minor) at 14:51
3rd period
7. Avalanche , Rostislav Olesz 4 (Éric Perrin) at 5:59 (PP)
8. Rangers , Ian Laperriere 2 (Patrice Bergeron) at 14:33
9. Avalanche , Jeremy Roenick 1 (Rostislav Olesz, Jarkko Ruutu) at 19:36
Penalties :
Ryan Smyth (Col) for Fighting (Major) at 0:48, Kimmo Timonen (NYR) for Fighting (Major) at 0:48, Scott Hannan (Col) for Fighting (Major) at 0:55, Milan Lucic (NYR) for Fighting (Major) at 0:55, Brad Richards (NYR) for Holding (Minor) at 1:31, Jere Lehtinen (NYR) for Tripping (Minor) at 4:49, Mike Comrie (Col) for Fighting (Major) at 6:57, Brad Richards (NYR) for Fighting (Major) at 6:57, Jeremy Roenick (Col) for Interference (Minor) at 12:18, Milan Lucic (NYR) for Goalie Interference (Minor) at 15:24
Goalie Stats
Hannu Toivonen (NYR), 21 saves from 24 shots - (0,875), 45:58 minutes
Henrik Lundqvist (NYR), 3 saves from 7 shots - (0,429), L, 1-2-0, 14:02 minutes
Patrick Lalime (Col), 28 saves from 30 shots - (0,933), W, 1-0-0, 60:00 minutes
Players Stats for Rangers
Player Name G A P +/- PIM S H SB GA TA FO MP PP MP PK MP
------------------------------------------------------------------------------------
Alexandre Burrows 0 0 0 0 0 1 0 0 1 0 2/4 16:32 0:00 4:44
Bobby Holik 0 0 0 0 0 2 1 1 0 0 6/10 18:06 2:59 1:30
Brad Richards 0 0 0 -3 9 5 0 1 1 1 18/39 22:53 2:58 5:04
Brent Seabrook 0 0 0 0 0 0 1 0 1 0 0/0 10:04 0:00 0:23
Bryan Berard 0 1 1 0 0 3 0 1 0 1 0/0 27:56 3:32 6:49
Cam Barker 0 0 0 -2 0 0 0 1 1 2 0/0 19:35 2:25 4:07
Cory Murphy 0 0 0 -1 2 0 0 0 0 0 0/0 5:28 0:00 0:23
Ian Laperriere 1 0 1 -1 0 2 1 0 0 0 0/0 12:55 0:00 0:00
Jere Lehtinen 0 1 1 0 2 3 1 0 0 1 0/0 16:00 2:59 0:00
Johan Franzen 0 0 0 -3 2 3 2 0 0 0 2/3 24:59 2:58 5:14
Josh Gorges 0 0 0 -1 0 0 0 0 0 0 0/0 4:46 0:00 0:00
Kimmo Timonen 0 0 0 0 7 0 0 2 1 0 0/0 22:54 3:32 3:41
Kyle McLaren 0 0 0 -2 0 0 0 1 0 0 0/0 19:08 2:25 4:07
Matt Greene 0 0 0 0 0 0 0 0 0 0 0/0 11:31 0:00 3:20
Mike Commodore 0 0 0 0 0 0 0 0 0 0 0/0 0:00 0:00 0:00
Milan Lucic 0 0 0 -3 9 6 3 0 0 1 1/2 19:50 2:58 1:57
Patrice Bergeron 1 1 2 1 0 1 1 0 0 0 1/6 15:19 0:00 0:36
Patrick Sharp 0 0 0 0 5 4 3 0 0 0 1/1 18:46 2:59 3:33
Players Stats for Avalanche
Player Name G A P +/- PIM S H SB GA TA FO MP PP MP PK MP
------------------------------------------------------------------------------------
Bobby Ryan 0 0 0 1 0 2 1 1 0 0 0/0 15:46 5:12 0:00
Chuck Kobasew 0 0 0 -1 0 0 0 0 0 0 0/0 11:24 0:09 1:03
Curtis Glencross 1 0 1 1 2 1 0 0 1 0 0/0 8:04 0:01 1:19
Éric Perrin 0 2 2 1 0 2 1 0 0 0 0/3 13:20 5:00 1:06
Frantisek Kaberle 0 0 0 -1 0 0 1 1 0 0 0/0 22:41 6:56 0:00
Jack Johnson 0 0 0 0 0 0 2 0 0 0 0/0 22:37 6:09 2:02
Jarkko Ruutu 0 1 1 -1 0 1 0 1 1 0 0/0 12:24 0:58 1:23
Jason Pominville 1 2 3 2 2 3 0 0 1 0 0/1 20:07 5:58 0:00
Jeremy Roenick 1 2 3 1 2 7 2 0 1 1 12/19 20:29 5:58 0:18
Marc Staal 0 0 0 -1 0 0 2 3 0 0 0/0 19:22 0:00 3:55
Martin Lapointe 0 1 1 1 0 0 0 0 0 0 0/0 8:27 0:00 2:57
Mike Comrie 0 0 0 2 5 3 3 0 0 0 12/28 17:55 5:04 0:00
Ossi Vaananen 0 0 0 4 0 1 0 1 0 1 0/0 18:09 1:04 3:30
Rod Brind'Amour 0 0 0 -1 2 1 1 0 1 0 8/11 15:56 2:17 2:02
Ron Hainsey 0 1 1 4 0 0 2 1 0 0 0/0 14:26 0:00 2:02
Rostislav Olesz 2 1 3 1 0 3 3 1 0 0 0/0 15:33 4:59 0:00
Ryan Smyth 2 0 2 2 10 7 3 2 0 2 2/3 18:18 3:25 1:46
Scott Hannan 0 0 0 0 5 0 0 0 1 1 0/0 16:58 3:25 0:25
3 Stars
1 - Rostislav Olesz (Col)
2 - Jeremy Roenick (Col)
3 - Jason Pominville (Col)
Power Play
Rangers - 0 on 3 Attempt(s) - 0,00%
Avalanche - 2 on 7 Attempt(s) - 28,57%
Penalty Kill
Rangers - 5 on 7 Attempt(s) - 71,43%
- Score 0 goal in Penalty Kill
Avalanche - 3 on 3 Attempt(s) - 100,00%
- Score 0 goal in Penalty Kill
Official
Referees : O'Halloran Dan and Pochmara Brian
Linesman : Darren Gibbs
Game Notes
Hannu Toivonen enters game at 14:02 of 1st period
Ryan Smyth and Patrick Sharp fight to a draw at 18:12 of 1st period
Ryan Smyth and Kimmo Timonen fight to a draw at 0:48 of 3rd period
Milan Lucic beats up Scott Hannan at 0:55 of 3rd period
Mike Comrie and Brad Richards fight to a draw at 6:57 of 3rd period
Rangers
5 vs 5 Forward
Center Left Wing Right Wing Time % Phy DF OF
1 Brad Richards Milan Lucic Johan Franzen 40 1 2 2
2 Bobby Holik Patrick Sharp Jere Lehtinen 30 1 2 2
3 Patrice Bergeron Alexandre Burrows Ian Laperriere 20 1 2 2
4 Brad Richards Johan Franzen Milan Lucic 10 1 2 2
5 vs 5 Defense
Defense Defense Time % Phy DF OF
1 Kimmo Timonen Bryan Berard 40 1 2 2
2 Cam Barker Kyle McLaren 30 1 2 2
3 Brent Seabrook Matt Greene 20 1 2 2
4 Cory Murphy Josh Gorges 10 1 2 2
PowerPlay Forward
Center Left Wing Right Wing Time % Phy DF OF
1 Brad Richards Milan Lucic Johan Franzen 60 1 2 2
2 Bobby Holik Patrick Sharp Jere Lehtinen 40 1 2 2
PowerPlay Defense
Defense Defense Time % Phy DF OF
1 Kimmo Timonen Bryan Berard 60 1 2 2
2 Cam Barker Kyle McLaren 40 1 2 2
Penalty Kill 4 Players Forward
Center Wing Time % Phy DF OF
1 Brad Richards Johan Franzen 60 1 2 2
2 Milan Lucic Patrick Sharp 40 1 2 2
Penalty Kill 4 Players Defense
Defense Defense Time % Phy DF OF
1 Kimmo Timonen Bryan Berard 60 1 2 2
2 Cam Barker Kyle McLaren 40 1 2 2
Penalty Kill - 3 Players Forward
Forward Time % Phy DF OF
1 Brad Richards 60 1 2 2
2 Johan Franzen 40 1 2 2
Penalty Kill - 3 Players Defense
Defense Defense Time % Phy DF OF
1 Kimmo Timonen Bryan Berard 60 1 2 2
2 Cam Barker Kyle McLaren 40 1 2 2
4 vs 4 Forward
Center Wing Time % Phy DF OF
1 Brad Richards Johan Franzen 60 1 2 2
2 Milan Lucic Patrick Sharp 40 1 2 2
4 vs 4 Defense
Defense Defense Time % Phy DF OF
1 Kimmo Timonen Bryan Berard 60 1 2 2
2 Cam Barker Kyle McLaren 40 1 2 2
Last Minutes Offensive
Center Left Wing Right Wing Defense Defense
Brad Richards Milan Lucic Johan Franzen Kimmo Timonen Bryan Berard
Last Minutes Defensive
Center Left Wing Right Wing Defense Defense
Brad Richards Milan Lucic Johan Franzen Kimmo Timonen Bryan Berard
Goaltenders
Starting : Henrik Lundqvist
Backup : Hannu Toivonen
Extra Forwards
Normal : Patrice Bergeron, Ian Laperriere, Alexandre Burrows - PP : Patrice Bergeron, Ian Laperriere - PK : Alexandre Burrows
Extra Defensemen
Normal : Brent Seabrook, Matt Greene, Cory Murphy - PP : Brent Seabrook - PK : Matt Greene, Cory Murphy
Penalty Shots
Brad Richards, Johan Franzen, Milan Lucic, Patrick Sharp, Bobby Holik
Avalanche
5 vs 5 Forward
Center Left Wing Right Wing Time % Phy DF OF
1 Mike Comrie Ryan Smyth Jason Pominville 40 1 2 2
2 Jeremy Roenick Rostislav Olesz Bobby Ryan 30 1 2 2
3 Rod Brind'Amour Jarkko Ruutu Chuck Kobasew 20 1 2 2
4 Éric Perrin Curtis Glencross Martin Lapointe 10 1 2 2
5 vs 5 Defense
Defense Defense Time % Phy DF OF
1 Frantisek Kaberle Marc Staal 35 1 2 2
2 Jack Johnson Scott Hannan 35 1 2 2
3 Ossi Vaananen Ron Hainsey 30 1 2 2
4 Frantisek Kaberle Marc Staal 0 1 2 2
PowerPlay Forward
Center Left Wing Right Wing Time % Phy DF OF
1 Jeremy Roenick Ryan Smyth Jason Pominville 60 0 2 3
2 Éric Perrin Rostislav Olesz Bobby Ryan 40 0 2 3
PowerPlay Defense
Defense Defense Time % Phy DF OF
1 Jack Johnson Frantisek Kaberle 60 1 2 2
2 Mike Comrie Scott Hannan 40 1 2 2
Penalty Kill 4 Players Forward
Center Wing Time % Phy DF OF
1 Rod Brind'Amour Martin Lapointe 60 1 3 1
2 Chuck Kobasew Jarkko Ruutu 40 1 3 1
Penalty Kill 4 Players Defense
Defense Defense Time % Phy DF OF
1 Marc Staal Ossi Vaananen 60 1 3 1
2 Ron Hainsey Jack Johnson 40 1 3 1
Penalty Kill - 3 Players Forward
Forward Time % Phy DF OF
1 Jeremy Roenick 60 1 3 1
2 Rod Brind'Amour 40 1 3 1
Penalty Kill - 3 Players Defense
Defense Defense Time % Phy DF OF
1 Marc Staal Ossi Vaananen 60 1 3 1
2 Jack Johnson Scott Hannan 40 1 3 1
4 vs 4 Forward
Center Wing Time % Phy DF OF
1 Rod Brind'Amour Ryan Smyth 60 1 2 2
2 Jeremy Roenick Jason Pominville 40 1 2 2
4 vs 4 Defense
Defense Defense Time % Phy DF OF
1 Frantisek Kaberle Marc Staal 60 1 2 2
2 Jack Johnson Ossi Vaananen 40 1 2 2
Last Minutes Offensive
Center Left Wing Right Wing Defense Defense
Jeremy Roenick Ryan Smyth Jason Pominville Frantisek Kaberle Jack Johnson
Last Minutes Defensive
Center Left Wing Right Wing Defense Defense
Rod Brind'Amour Jarkko Ruutu Martin Lapointe Marc Staal Ossi Vaananen
Goaltenders
Starting : Patrick Lalime
Backup : Antti Niemi
Extra Forwards
Normal : Jeremy Roenick, Ryan Smyth, Jason Pominville - PP : Rod Brind'Amour, Jarkko Ruutu - PK : Ryan Smyth
Extra Defensemen
Normal : Marc Staal, Frantisek Kaberle, Jack Johnson - PP : Ossi Vaananen - PK : Scott Hannan, Frantisek Kaberle
Penalty Shots
Ryan Smyth, Mike Comrie, Bobby Ryan, Rod Brind'Amour, Jeremy Roenick
% Time on Ice - Rangers
Lines # - Real PCT - Wanted PCT - Time Play
Normal Forward
1 - 42% - 40% - 17:15
2 - 32% - 30% - 12:56
3 - 25% - 20% - 10:10
4 - 1% - 10% - 0:24
Normal Defense
1 - 39% - 40% - 15:56
2 - 29% - 30% - 11:52
3 - 20% - 20% - 8:11
4 - 12% - 10% - 4:46
PP Forward
1 - 50% - 60% - 2:58
2 - 50% - 40% - 2:59
PP Defense
1 - 59% - 60% - 3:32
2 - 41% - 40% - 2:25
PK Forward
1 - 71% - 60% - 8:02
2 - 29% - 40% - 3:17
PK Defense
1 - 64% - 60% - 7:12
2 - 36% - 40% - 4:07
PK3 Forward
1 - 0% - 60%
2 - 0% - 40%
PK3 Defense
1 - 0% - 60%
2 - 0% - 40%
44 Forward
1 - 60% - 60% - 1:11
2 - 40% - 40% - 0:48
44 Defense
1 - 63% - 60% - 1:15
2 - 37% - 40% - 0:44
Last Minute Offensive - 0:00
Last Minute Defensive - 0:00
Total
Forward - 60:00
Defense - 60:00
|
% Time on Ice - Avalanche
Lines # - Real PCT - Wanted PCT - Time Play
Normal Forward
1 - 37% - 40% - 14:55
2 - 26% - 30% - 10:34
3 - 24% - 20% - 9:51
4 - 13% - 10% - 5:25
Normal Defense
1 - 35% - 35% - 14:25
2 - 34% - 35% - 13:59
3 - 30% - 30% - 12:21
4 - 0% - 0% - 0:00
PP Forward
1 - 56% - 60% - 6:20
2 - 44% - 40% - 4:59
PP Defense
1 - 55% - 60% - 6:15
2 - 45% - 40% - 5:04
PK Forward
1 - 82% - 60% - 4:54
2 - 18% - 40% - 1:03
PK Defense
1 - 66% - 60% - 3:55
2 - 34% - 40% - 2:02
PK3 Forward
1 - 0% - 60%
2 - 0% - 40%
PK3 Defense
1 - 0% - 60%
2 - 0% - 40%
44 Forward
1 - 71% - 60% - 1:25
2 - 29% - 40% - 0:34
44 Defense
1 - 71% - 60% - 1:24
2 - 29% - 40% - 0:35
Last Minute Offensive - 0:00
Last Minute Defensive - 0:00
Total
Forward - 60:00
Defense - 60:00
|
Play by Play
1st period
0:01 of 1st period - Brad Richards wins face-off versus Mike Comrie in neutral zone.
0:04 of 1st period - Slapshot by Johan Franzen.
0:04 of 1st period - Stopped by Patrick Lalime without a rebound.
0:05 of 1st period - Ryan Smyth wins face-off versus Brad Richards in Avalanche zone.
0:05 of 1st period - Jason Pominville is hit by Johan Franzen and loses puck.
0:12 of 1st period - Snap shot by Johan Franzen.
0:12 of 1st period - Stopped by Patrick Lalime with a rebound.
0:14 of 1st period - Slapshot by Kimmo Timonen.
0:14 of 1st period - Shot Blocked by Ryan Smyth.
0:30 of 1st period - Patrick Sharp is hit by Marc Staal and loses puck.
1:52 of 1st period - Snap shot by Jeremy Roenick.
1:52 of 1st period - Stopped by Henrik Lundqvist with a rebound.
1:58 of 1st period - Bobby Ryan is hit by Patrice Bergeron and loses puck.
2:10 of 1st period - Icing by Jarkko Ruutu.
2:11 of 1st period - Bobby Holik wins face-off versus Rod Brind'Amour in Avalanche zone.
2:16 of 1st period - Slapshot by Bobby Holik.
2:16 of 1st period - Stopped by Patrick Lalime without a rebound.
2:17 of 1st period - Johan Franzen wins face-off versus Mike Comrie in Avalanche zone.
2:24 of 1st period - Wrist shot by Milan Lucic.
2:24 of 1st period - Stopped by Patrick Lalime with a rebound.
2:26 of 1st period - Wrist shot by Kyle McLaren.
2:26 of 1st period - Deflect By Johan Franzen.
2:26 of 1st period - Shot Blocked by Ron Hainsey.
2:26 of 1st period - Puck is out of play.
2:27 of 1st period - Brad Richards wins face-off versus Mike Comrie in Avalanche zone.
2:28 of 1st period - Wrist shot by Johan Franzen.
2:28 of 1st period - Shot Misses the Net.
2:43 of 1st period - Minor Penalty to Johan Franzen for Holding Stick.
2:44 of 1st period - Jeremy Roenick wins face-off versus Brad Richards in Rangers zone.
4:15 of 1st period - Jason Pominville is hit by Patrick Sharp and loses puck.
4:43 of 1st period - Penalty to Johan Franzen is over, Johan Franzen is back on ice.
5:49 of 1st period - Marc Staal is hit by Patrick Sharp and loses puck.
6:15 of 1st period - Minor Penalty to Curtis Glencross for Roughing.
6:16 of 1st period - Rod Brind'Amour wins face-off versus Brad Richards in Avalanche zone.
6:50 of 1st period - Slapshot by Patrick Sharp.
6:50 of 1st period - Stopped by Patrick Lalime with a rebound.
8:15 of 1st period - Penalty to Curtis Glencross is over, Curtis Glencross is back on ice.
8:25 of 1st period - Scott Hannan is hit by Ian Laperriere and loses puck.
8:45 of 1st period - Matt Greene is hit by Jack Johnson and loses puck.
9:35 of 1st period - Patrick Sharp is hit by Mike Comrie and loses puck.
9:50 of 1st period - Backhand shot by Jarkko Ruutu.
9:50 of 1st period - Shot Misses the Net.
10:17 of 1st period - Ryan Smyth is hit by Johan Franzen.
10:43 of 1st period - Marc Staal is hit by Milan Lucic and loses puck.
11:10 of 1st period - Minor Penalty to Brad Richards for Interference.
11:11 of 1st period - Jeremy Roenick wins face-off versus Alexandre Burrows in Rangers zone.
11:24 of 1st period - Snap shot by Jeremy Roenick.
11:24 of 1st period - Deflect By Jason Pominville.
11:24 of 1st period - Goal by Jason Pominville - Rangers : 0 - Avalanche : 1.
11:25 of 1st period - Brad Richards wins face-off versus Mike Comrie in neutral zone.
11:32 of 1st period - Snap shot by Milan Lucic.
11:32 of 1st period - Shot Blocked by Ossi Vaananen.
11:40 of 1st period - Backhand shot by Ryan Smyth.
11:40 of 1st period - Goal by Ryan Smyth - Rangers : 0 - Avalanche : 2.
11:41 of 1st period - Mike Comrie wins face-off versus Brad Richards in neutral zone.
11:44 of 1st period - Brad Richards is hit by Ryan Smyth and loses puck.
12:13 of 1st period - Snap shot by Jeremy Roenick.
12:13 of 1st period - Shot Blocked by Bobby Holik.
12:15 of 1st period - Slapshot by Scott Hannan.
12:15 of 1st period - Shot Blocked by Kimmo Timonen.
12:28 of 1st period - Icing by Jack Johnson.
12:29 of 1st period - Rod Brind'Amour wins face-off versus Patrice Bergeron in Avalanche zone.
12:41 of 1st period - Snap shot by Mike Comrie.
12:41 of 1st period - Deflect By Ryan Smyth.
12:41 of 1st period - Stopped by Henrik Lundqvist without a rebound.
12:42 of 1st period - Jeremy Roenick wins face-off versus Brad Richards in Rangers zone.
12:45 of 1st period - Slapshot by Jeremy Roenick.
12:45 of 1st period - Stopped by Henrik Lundqvist without a rebound.
12:46 of 1st period - Jeremy Roenick wins face-off versus Brad Richards in Rangers zone.
12:47 of 1st period - Slapshot by Rostislav Olesz.
12:47 of 1st period - Goal by Rostislav Olesz - Rangers : 0 - Avalanche : 3.
12:48 of 1st period - Brad Richards wins face-off versus Mike Comrie in neutral zone.
13:21 of 1st period - Snap shot by Jere Lehtinen.
13:21 of 1st period - Shot Misses the Net.
13:23 of 1st period - Slapshot by Kyle McLaren.
13:23 of 1st period - Shot Blocked by Rostislav Olesz.
14:00 of 1st period - Slapshot by Jason Pominville.
14:00 of 1st period - Shot Misses the Net.
14:02 of 1st period - Wrist shot by Ryan Smyth.
14:02 of 1st period - Goal by Ryan Smyth - Rangers : 0 - Avalanche : 4.
14:02 of 1st period - Hannu Toivonen enters game.
14:03 of 1st period - Mike Comrie wins face-off versus Milan Lucic in neutral zone.
14:12 of 1st period - Wrist shot by Mike Comrie.
14:12 of 1st period - Shot Blocked by Bryan Berard.
14:14 of 1st period - Slapshot by Ossi Vaananen.
14:14 of 1st period - Stopped by Hannu Toivonen with a rebound.
14:16 of 1st period - Snap shot by Mike Comrie.
14:16 of 1st period - Stopped by Hannu Toivonen with a rebound.
14:18 of 1st period - Snap shot by Ron Hainsey.
14:18 of 1st period - Deflect By Ryan Smyth.
14:18 of 1st period - Stopped by Hannu Toivonen with a rebound.
14:28 of 1st period - Kimmo Timonen is hit by Bobby Ryan and loses puck.
14:39 of 1st period - Slapshot by Bobby Holik.
14:39 of 1st period - Shot Misses the Net.
15:18 of 1st period - Minor Penalty to Jason Pominville for Hooking.
15:18 of 1st period - Minor Penalty to Milan Lucic for Hooking.
15:19 of 1st period - Rod Brind'Amour wins face-off versus Johan Franzen in Rangers zone.
15:30 of 1st period - Backhand shot by Bryan Berard.
15:30 of 1st period - Stopped by Patrick Lalime with a rebound.
15:32 of 1st period - Wrist shot by Brad Richards.
15:32 of 1st period - Deflect By Johan Franzen.
15:32 of 1st period - Shot Blocked by Marc Staal.
15:32 of 1st period - Puck is out of play.
15:33 of 1st period - Rod Brind'Amour wins face-off versus Brad Richards in Avalanche zone.
15:44 of 1st period - Snap shot by Rod Brind'Amour.
15:44 of 1st period - Stopped by Hannu Toivonen with a rebound.
17:18 of 1st period - Penalty to Jason Pominville is over, Jason Pominville is back on ice.
17:18 of 1st period - Penalty to Milan Lucic is over, Milan Lucic is back on ice.
17:28 of 1st period - Snap shot by Jere Lehtinen.
17:28 of 1st period - Stopped by Patrick Lalime without a rebound.
17:29 of 1st period - Jeremy Roenick wins face-off versus Bobby Holik in Avalanche zone.
17:36 of 1st period - Wrist shot by Jeremy Roenick.
17:36 of 1st period - Shot Misses the Net.
17:54 of 1st period - Snap shot by Jere Lehtinen.
17:54 of 1st period - Deflect By Ian Laperriere.
17:54 of 1st period - Stopped by Patrick Lalime without a rebound.
17:55 of 1st period - Brad Richards wins face-off versus Rod Brind'Amour in Avalanche zone.
18:02 of 1st period - Snap shot by Milan Lucic.
18:02 of 1st period - Stopped by Patrick Lalime with a rebound.
18:09 of 1st period - Off-side.
18:10 of 1st period - Mike Comrie wins face-off versus Bobby Holik in neutral zone.
18:12 of 1st period - Ryan Smyth and Patrick Sharp fight to a draw.
18:12 of 1st period - Penalty to Ryan Smyth for Fighting.
18:12 of 1st period - Penalty to Patrick Sharp for Fighting.
18:13 of 1st period - Mike Comrie wins face-off versus Brad Richards in Rangers zone.
18:26 of 1st period - Snap shot by Jeremy Roenick.
18:26 of 1st period - Deflect By Jason Pominville.
18:26 of 1st period - Shot Misses the Net.
18:26 of 1st period - Puck is out of play.
18:27 of 1st period - Brad Richards wins face-off versus Mike Comrie in Rangers zone.
18:29 of 1st period - Icing by Kimmo Timonen.
18:30 of 1st period - Brad Richards wins face-off versus Mike Comrie in Rangers zone.
18:43 of 1st period - Slapshot by Mike Comrie.
18:43 of 1st period - Shot Misses the Net.
18:45 of 1st period - Slapshot by Frantisek Kaberle.
18:45 of 1st period - Shot Blocked by Kimmo Timonen.
18:55 of 1st period - Slapshot by Bryan Berard.
18:55 of 1st period - Stopped by Patrick Lalime with a rebound.
19:07 of 1st period - Snap shot by Patrice Bergeron.
19:07 of 1st period - Deflect By Chuck Kobasew.
19:07 of 1st period - Goal by Patrice Bergeron - Rangers : 1 - Avalanche : 4.
19:08 of 1st period - Mike Comrie wins face-off versus Brad Richards in neutral zone.
2nd period
0:01 of 2nd period - Jeremy Roenick wins face-off versus Brad Richards in neutral zone.
0:19 of 2nd period - Minor Penalty to Kimmo Timonen for Charging.
0:20 of 2nd period - Jeremy Roenick wins face-off versus Brad Richards in Rangers zone.
1:14 of 2nd period - Off-side.
1:15 of 2nd period - Milan Lucic wins face-off versus Jeremy Roenick in neutral zone.
1:24 of 2nd period - Slapshot by Bryan Berard.
1:24 of 2nd period - Stopped by Patrick Lalime with a rebound.
2:19 of 2nd period - Penalty to Kimmo Timonen is over, Kimmo Timonen is back on ice.
2:39 of 2nd period - Off-side.
2:40 of 2nd period - Bobby Holik wins face-off versus Éric Perrin in neutral zone.
2:42 of 2nd period - Cam Barker is hit by Ron Hainsey and loses puck.
2:51 of 2nd period - Backhand shot by Curtis Glencross.
2:51 of 2nd period - Goal by Curtis Glencross - Rangers : 1 - Avalanche : 5.
2:52 of 2nd period - Brad Richards wins face-off versus Mike Comrie in neutral zone.
2:55 of 2nd period - Mike Comrie is hit by Milan Lucic and loses puck.
3:06 of 2nd period - Wrist shot by Milan Lucic.
3:06 of 2nd period - Stopped by Patrick Lalime with a rebound.
3:08 of 2nd period - Snap shot by Milan Lucic.
3:08 of 2nd period - Shot Blocked by Marc Staal.
3:25 of 2nd period - Rod Brind'Amour is hit by Patrick Sharp.
3:26 of 2nd period - Minor Penalty to Rod Brind'Amour for Roughing.
3:27 of 2nd period - Brad Richards wins face-off versus Ryan Smyth in Avalanche zone.
5:26 of 2nd period - Penalty to Rod Brind'Amour is over, Rod Brind'Amour is back on ice.
5:34 of 2nd period - Wrist shot by Éric Perrin.
5:34 of 2nd period - Stopped by Hannu Toivonen with a rebound.
5:44 of 2nd period - Snap shot by Éric Perrin.
5:44 of 2nd period - Stopped by Hannu Toivonen without a rebound.
5:45 of 2nd period - Patrice Bergeron wins face-off versus Jeremy Roenick in Rangers zone.
6:02 of 2nd period - Slapshot by Brad Richards.
6:02 of 2nd period - Stopped by Patrick Lalime with a rebound.
6:21 of 2nd period - Snap shot by Ryan Smyth.
6:21 of 2nd period - Deflect By Jason Pominville.
6:21 of 2nd period - Shot Misses the Net.
6:21 of 2nd period - Puck is out of play.
6:22 of 2nd period - Ryan Smyth wins face-off versus Brad Richards in Rangers zone.
6:50 of 2nd period - Kimmo Timonen is hit by Ron Hainsey and loses puck.
7:14 of 2nd period - Snap shot by Patrick Sharp.
7:14 of 2nd period - Shot Blocked by Jarkko Ruutu.
7:16 of 2nd period - Slapshot by Jere Lehtinen.
7:16 of 2nd period - Stopped by Patrick Lalime with a rebound.
7:55 of 2nd period - Snap shot by Ryan Smyth.
7:55 of 2nd period - Shot Blocked by Cam Barker.
7:57 of 2nd period - Slapshot by Mike Comrie.
7:57 of 2nd period - Shot Misses the Net.
8:09 of 2nd period - Wrist shot by Johan Franzen.
8:09 of 2nd period - Stopped by Patrick Lalime without a rebound.
8:10 of 2nd period - Brad Richards wins face-off versus Jeremy Roenick in Avalanche zone.
8:17 of 2nd period - Snap shot by Brad Richards.
8:17 of 2nd period - Stopped by Patrick Lalime with a rebound.
8:43 of 2nd period - Snap shot by Bobby Ryan.
8:43 of 2nd period - Stopped by Hannu Toivonen with a rebound.
8:45 of 2nd period - Snap shot by Bobby Ryan.
8:45 of 2nd period - Stopped by Hannu Toivonen with a rebound.
8:47 of 2nd period - Wrist shot by Jeremy Roenick.
8:47 of 2nd period - Shot Misses the Net.
8:49 of 2nd period - Wrist shot by Jeremy Roenick.
8:49 of 2nd period - Stopped by Hannu Toivonen without a rebound.
8:50 of 2nd period - Brad Richards wins face-off versus Mike Comrie in Rangers zone.
8:55 of 2nd period - Slapshot by Bryan Berard.
8:55 of 2nd period - Shot Misses the Net.
9:03 of 2nd period - Snap shot by Milan Lucic.
9:03 of 2nd period - Shot Blocked by Frantisek Kaberle.
9:05 of 2nd period - Snap shot by Milan Lucic.
9:05 of 2nd period - Stopped by Patrick Lalime without a rebound.
9:06 of 2nd period - Rod Brind'Amour wins face-off versus Bobby Holik in Avalanche zone.
9:21 of 2nd period - Wrist shot by Chuck Kobasew.
9:21 of 2nd period - Shot Misses the Net.
9:38 of 2nd period - Slapshot by Brad Richards.
9:38 of 2nd period - Shot Misses the Net.
10:26 of 2nd period - Milan Lucic is hit by Mike Comrie and loses puck.
10:35 of 2nd period - Snap shot by Mike Comrie.
10:35 of 2nd period - Stopped by Hannu Toivonen with a rebound.
11:07 of 2nd period - Jere Lehtinen is hit by Jeremy Roenick.
11:48 of 2nd period - Wrist shot by Curtis Glencross.
11:48 of 2nd period - Shot Blocked by Brad Richards.
12:20 of 2nd period - Snap shot by Jeremy Roenick.
12:20 of 2nd period - Deflect By Rostislav Olesz.
12:20 of 2nd period - Shot Blocked by Kyle McLaren.
12:20 of 2nd period - Puck is out of play.
12:21 of 2nd period - Jeremy Roenick wins face-off versus Patrice Bergeron in Rangers zone.
12:38 of 2nd period - Snap shot by Jeremy Roenick.
12:38 of 2nd period - Stopped by Hannu Toivonen without a rebound.
12:39 of 2nd period - Brad Richards wins face-off versus Mike Comrie in Rangers zone.
12:39 of 2nd period - Brad Richards is hit by Frantisek Kaberle.
12:49 of 2nd period - Wrist shot by Brad Richards.
12:49 of 2nd period - Shot Blocked by Ryan Smyth.
13:05 of 2nd period - Bobby Holik is hit by Marc Staal and loses puck.
14:51 of 2nd period - Minor Penalty to Cory Murphy for Hooking.
14:52 of 2nd period - Brad Richards wins face-off versus Jeremy Roenick in Rangers zone.
15:07 of 2nd period - Brad Richards is hit by Jeremy Roenick and loses puck.
16:51 of 2nd period - Penalty to Cory Murphy is over, Cory Murphy is back on ice.
16:58 of 2nd period - Patrick Sharp is hit by Rod Brind'Amour and loses puck.
17:05 of 2nd period - Snap shot by Jarkko Ruutu.
17:05 of 2nd period - Deflect By Chuck Kobasew.
17:05 of 2nd period - Shot Misses the Net.
17:05 of 2nd period - Puck is out of play.
17:06 of 2nd period - Rod Brind'Amour wins face-off versus Patrice Bergeron in Rangers zone.
18:29 of 2nd period - Patrick Sharp is hit by Ryan Smyth.
19:02 of 2nd period - Off-side.
19:03 of 2nd period - Mike Comrie wins face-off versus Bobby Holik in neutral zone.
19:53 of 2nd period - Martin Lapointe is hit by Bobby Holik.
19:57 of 2nd period - Slapshot by Jere Lehtinen.
19:57 of 2nd period - Stopped by Patrick Lalime without a rebound.
19:58 of 2nd period - Bobby Holik wins face-off versus Mike Comrie in Avalanche zone.
3rd period
0:01 of 3rd period - Mike Comrie wins face-off versus Brad Richards in neutral zone.
0:31 of 3rd period - Icing by Johan Franzen.
0:32 of 3rd period - Rod Brind'Amour wins face-off versus Brad Richards in Rangers zone.
0:33 of 3rd period - Slapshot by Jarkko Ruutu.
0:33 of 3rd period - Stopped by Hannu Toivonen without a rebound.
0:34 of 3rd period - Bobby Holik wins face-off versus Jason Pominville in Rangers zone.
0:48 of 3rd period - Ryan Smyth and Kimmo Timonen fight to a draw.
0:48 of 3rd period - Penalty to Ryan Smyth for Fighting.
0:48 of 3rd period - Penalty to Kimmo Timonen for Fighting.
0:49 of 3rd period - Brad Richards wins face-off versus Mike Comrie in Avalanche zone.
0:50 of 3rd period - Wrist shot by Milan Lucic.
0:50 of 3rd period - Stopped by Patrick Lalime with a rebound.
0:55 of 3rd period - Milan Lucic beats up Scott Hannan.
0:55 of 3rd period - Penalty to Scott Hannan for Fighting.
0:55 of 3rd period - Penalty to Milan Lucic for Fighting.
0:56 of 3rd period - Mike Comrie wins face-off versus Brad Richards in neutral zone.
0:58 of 3rd period - Off-side.
0:59 of 3rd period - Mike Comrie wins face-off versus Brad Richards in neutral zone.
1:08 of 3rd period - Snap shot by Mike Comrie.
1:08 of 3rd period - Stopped by Hannu Toivonen with a rebound.
1:10 of 3rd period - Slapshot by Frantisek Kaberle.
1:10 of 3rd period - Shot Misses the Net.
1:12 of 3rd period - Wrist shot by Jason Pominville.
1:12 of 3rd period - Stopped by Hannu Toivonen with a rebound.
1:14 of 3rd period - Snap shot by Jason Pominville.
1:14 of 3rd period - Stopped by Hannu Toivonen without a rebound.
1:15 of 3rd period - Bobby Holik wins face-off versus Jeremy Roenick in Rangers zone.
1:24 of 3rd period - Wrist shot by Patrick Sharp.
1:24 of 3rd period - Stopped by Patrick Lalime with a rebound.
1:26 of 3rd period - Snap shot by Patrick Sharp.
1:26 of 3rd period - Stopped by Patrick Lalime without a rebound.
1:27 of 3rd period - Mike Comrie wins face-off versus Brad Richards in Avalanche zone.
1:31 of 3rd period - Minor Penalty to Brad Richards for Holding.
1:32 of 3rd period - Jeremy Roenick wins face-off versus Alexandre Burrows in Rangers zone.
1:57 of 3rd period - Bobby Holik is hit by Rostislav Olesz and loses puck.
3:31 of 3rd period - Penalty to Brad Richards is over, Brad Richards is back on ice.
3:50 of 3rd period - Snap shot by Brad Richards.
3:50 of 3rd period - Stopped by Patrick Lalime without a rebound.
3:51 of 3rd period - Brad Richards wins face-off versus Rod Brind'Amour in Avalanche zone.
4:47 of 3rd period - Bryan Berard is hit by Éric Perrin and loses puck.
4:49 of 3rd period - Minor Penalty to Jere Lehtinen for Tripping.
4:50 of 3rd period - Jeremy Roenick wins face-off versus Brad Richards in Rangers zone.
5:29 of 3rd period - Wrist shot by Rostislav Olesz.
5:29 of 3rd period - Stopped by Hannu Toivonen without a rebound.
5:30 of 3rd period - Alexandre Burrows wins face-off versus Éric Perrin in Rangers zone.
5:30 of 3rd period - Alexandre Burrows is hit by Rostislav Olesz.
5:38 of 3rd period - Snap shot by Matt Greene.
5:38 of 3rd period - Shot Blocked by Bobby Ryan.
5:48 of 3rd period - Penalty to Kimmo Timonen is over, Kimmo Timonen is back on ice.
5:54 of 3rd period - Brad Richards is hit by Mike Comrie and loses puck.
5:59 of 3rd period - Slapshot by Éric Perrin.
5:59 of 3rd period - Deflect By Rostislav Olesz.
5:59 of 3rd period - Goal by Rostislav Olesz - Rangers : 1 - Avalanche : 6.
6:00 of 3rd period - Brad Richards wins face-off versus Mike Comrie in neutral zone.
6:34 of 3rd period - Snap shot by Bobby Holik.
6:34 of 3rd period - Shot Blocked by Marc Staal.
6:56 of 3rd period - Snap shot by Alexandre Burrows.
6:56 of 3rd period - Stopped by Patrick Lalime without a rebound.
6:57 of 3rd period - Brad Richards wins face-off versus Mike Comrie in Avalanche zone.
6:57 of 3rd period - Mike Comrie and Brad Richards fight to a draw.
6:57 of 3rd period - Penalty to Mike Comrie for Fighting.
6:57 of 3rd period - Penalty to Brad Richards for Fighting.
6:58 of 3rd period - Jeremy Roenick wins face-off versus Patrice Bergeron in Avalanche zone.
6:58 of 3rd period - Jeremy Roenick is hit by Milan Lucic.
7:44 of 3rd period - Patrice Bergeron is hit by Jack Johnson and loses puck.
9:22 of 3rd period - Snap shot by Jeremy Roenick.
9:22 of 3rd period - Stopped by Hannu Toivonen with a rebound.
10:19 of 3rd period - Slapshot by Jeremy Roenick.
10:19 of 3rd period - Stopped by Hannu Toivonen without a rebound.
10:20 of 3rd period - Jeremy Roenick wins face-off versus Patrice Bergeron in Rangers zone.
11:07 of 3rd period - Off-side.
11:08 of 3rd period - Johan Franzen wins face-off versus Éric Perrin in neutral zone.
11:34 of 3rd period - Ron Hainsey is hit by Jere Lehtinen and loses puck.
11:55 of 3rd period - Backhand shot by Ryan Smyth.
11:55 of 3rd period - Stopped by Hannu Toivonen with a rebound.
12:18 of 3rd period - Minor Penalty to Jeremy Roenick for Interference.
12:19 of 3rd period - Rod Brind'Amour wins face-off versus Brad Richards in Avalanche zone.
14:02 of 3rd period - Bobby Holik is hit by Ryan Smyth and loses puck.
14:18 of 3rd period - Penalty to Jeremy Roenick is over, Jeremy Roenick is back on ice.
14:33 of 3rd period - Snap shot by Patrice Bergeron.
14:33 of 3rd period - Deflect By Ian Laperriere.
14:33 of 3rd period - Goal by Ian Laperriere - Rangers : 2 - Avalanche : 6.
14:34 of 3rd period - Mike Comrie wins face-off versus Brad Richards in neutral zone.
14:45 of 3rd period - Backhand shot by Brad Richards.
14:45 of 3rd period - Stopped by Patrick Lalime with a rebound.
14:47 of 3rd period - Snap shot by Brad Richards.
14:47 of 3rd period - Stopped by Patrick Lalime without a rebound.
14:48 of 3rd period - Patrick Sharp wins face-off versus Mike Comrie in Avalanche zone.
14:49 of 3rd period - Snap shot by Bobby Holik.
14:49 of 3rd period - Stopped by Patrick Lalime with a rebound.
14:54 of 3rd period - Off-side.
14:55 of 3rd period - Bobby Holik wins face-off versus Mike Comrie in neutral zone.
15:11 of 3rd period - Snap shot by Ryan Smyth.
15:11 of 3rd period - Stopped by Hannu Toivonen with a rebound.
15:24 of 3rd period - Minor Penalty to Milan Lucic for Goalie Interference.
15:25 of 3rd period - Brad Richards wins face-off versus Jeremy Roenick in Rangers zone.
15:32 of 3rd period - Slapshot by Ryan Smyth.
15:32 of 3rd period - Stopped by Hannu Toivonen with a rebound.
15:34 of 3rd period - Snap shot by Jason Pominville.
15:34 of 3rd period - Shot Misses the Net.
15:50 of 3rd period - Brad Richards is hit by Rostislav Olesz and loses puck.
16:13 of 3rd period - Wrist shot by Patrick Sharp.
16:13 of 3rd period - Stopped by Patrick Lalime without a rebound.
16:14 of 3rd period - Alexandre Burrows wins face-off versus Jeremy Roenick in Avalanche zone.
16:39 of 3rd period - Slapshot by Mike Comrie.
16:39 of 3rd period - Shot Misses the Net.
17:24 of 3rd period - Penalty to Milan Lucic is over, Milan Lucic is back on ice.
18:13 of 3rd period - Jarkko Ruutu is hit by Brent Seabrook and loses puck.
19:36 of 3rd period - Snap shot by Jeremy Roenick.
19:36 of 3rd period - Goal by Jeremy Roenick - Rangers : 2 - Avalanche : 7.
19:37 of 3rd period - Mike Comrie wins face-off versus Brad Richards in neutral zone.
19:46 of 3rd period - Wrist shot by Milan Lucic.
19:46 of 3rd period - Stopped by Patrick Lalime with a rebound.
Output by the SimonT Hockey Simulator (STHS) for François Prévost -- Original Page W3C XHTML 1.0 Valid